cohdb
Replays
Latest Replays
All Replays
Popular Replays
Top Player Replays
Match Explorer
How It Works
Community
CoH3 Stats
Reddit
Sign in to upload your games and track your stats! →
Sign in with Steam
Match 42904743
Unlisted
Match 42904743
Overview
Messages
Build Orders
End
Kradschützen Motorcycle Team
Panzergrenadier Squad
250 Light Carrier
Construct Light Support Kompanie
MG34 Team
Fire Support Elements
Panzerpioneer Squad
2.5-tonne Medical Truck
Selects Italian Infantry
Selects Guastatori Squad
Veteran Squad Leaders
Panzerjäger Squad
Selects Defensive Operations
Construct Mechanized Kompanie
Panzerjäger Squad
Rattler
Navigator
John Wick
Shark Chili
killall
弓弦
North Star
很好很好很好啊
0
0
Comments
sign in to comment!
No comments posted yet!